[ AOE2 MATCH · #484675849 ]
UnrankedPersians vs Hindustanis
Player's team · LOSS
[ REPLAY ANALYSIS · EXTRACTED FROM THE RECORDED GAME ]
Feudal
14:09
Castle
17:46
Imperial
35:23
| APM avg | 12.6 |
| APM peak | 49 |
| eAPM avg | 7.2 |
| Villagers / military | 87 / 61 |
Focus
⚔️ 23.4% · 🌾 76.6%
Spearman ×46 · Knight ×15
Feudal
13:30
Castle
19:52
Imperial
40:42
| APM avg | 35.6 |
| APM peak | 71 |
| eAPM avg | 19.5 |
| Villagers / military | 142 / 220 |
Focus
⚔️ 43.5% · 🌾 56.5%
Camel Scout ×116 · Scout Cavalry ×58 · Hand Cannoneer ×40 · Trebuchet (Packed) ×6
Feudal
14:05
Castle
18:32
Imperial
39:57
| APM avg | 28.3 |
| APM peak | 64 |
| eAPM avg | 12.4 |
| Villagers / military | 113 / 125 |
Focus
⚔️ 25.8% · 🌾 74.2%
Gbeto ×110 · Trebuchet (Packed) ×7 · Monk ×6 · Mangonel ×2
Feudal
12:24
Castle
17:33
Imperial
—
| APM avg | 24.3 |
| APM peak | 50 |
| eAPM avg | 9.0 |
| Villagers / military | 68 / 29 |
Focus
⚔️ 23.1% · 🌾 76.9%
Mangudai ×28 · Monk ×1
Feudal
18:47
Castle
29:23
Imperial
45:15
| APM avg | 17.3 |
| APM peak | 54 |
| eAPM avg | 13.0 |
| Villagers / military | 75 / 11 |
Focus
⚔️ 26.0% · 🌾 74.0%
Ballista Elephant ×6 · Trebuchet (Packed) ×4 · Mangonel ×1
Feudal
13:24
Castle
17:44
Imperial
33:41
| APM avg | 45.0 |
| APM peak | 90 |
| eAPM avg | 18.8 |
| Villagers / military | 159 / 173 |
Focus
⚔️ 33.2% · 🌾 66.8%
Spearman ×115 · Scorpion ×38 · Battering Ram ×13 · Mangonel ×3 · Knight ×2 · Trebuchet (Packed) ×2
Feudal
22:47
Castle
29:07
Imperial
48:19
| APM avg | 21.3 |
| APM peak | 79 |
| eAPM avg | 10.8 |
| Villagers / military | 76 / 59 |
Focus
⚔️ 29.8% · 🌾 70.2%
Knight ×22 · Camel Scout ×21 · Battering Ram ×5 · Scout Cavalry ×5 · Trebuchet (Packed) ×4 · Mangonel ×2
Feudal
14:40
Castle
21:21
Imperial
41:10
| APM avg | 31.8 |
| APM peak | 50 |
| eAPM avg | 22.4 |
| Villagers / military | 201 / 225 |
Focus
⚔️ 29.0% · 🌾 71.0%
Knight ×182 · Throwing Axeman ×36 · Scout Cavalry ×2 · Bombard Cannon ×2 · Trebuchet (Packed) ×2 · Monk ×1
Match map
Initial resources + every placement click. Lines = walls · curves = elevation contours. ◆ gold · ⬟ stone · ● berries · ✦ relic · ◌ wall gap
Your base· Open — unwalled flank
网恋被骗50块's base· Open — unwalled flank
midgardsammael's base· Open — unwalled flank
Chef's base· ✓ Closed at 17:33 · 11t walls · no gate
CTM | Franco*'s base· Open — 14t gap
Nameho's base· Open — unwalled flank
__04_Zonko570_Arg's base· Open — 4t gap
PSX | King's base· ✓ Closed at 21:21 · 84t walls · 3 gate(s)
Smoothed initial terrain · ◌ = detected wall gap · hover for details
Inputs per minute
— Dani - Voy Fatal de Recursos - - 网恋被骗50块
Build order — Dani - Voy Fatal de Recursos
First 150 of 185 actions detected
| 0:29 | Build | Town Center |
| 1:10 | Build | House |
| 1:13 | Build | House |
| 2:48 | Create | Villager (Male) |
| 2:48 | Create | Villager (Male) |
| 2:48 | Create | Villager (Male) |
| 2:48 | Create | Villager (Male) |
| 2:49 | Create | Villager (Male) |
| 2:49 | Create | Villager (Male) |
| 3:35 | Create | Villager (Male) |
| 3:36 | Create | Villager (Male) |
| 3:36 | Create | Villager (Male) |
| 4:08 | Create | Villager (Male) |
| 4:08 | Create | Villager (Male) |
| 4:08 | Create | Villager (Male) |
| 4:56 | Build | Lumber Camp |
| 4:58 | Create | Villager (Male) |
| 4:58 | Create | Villager (Male) |
| 4:58 | Create | Villager (Male) |
| 4:59 | Create | Villager (Male) |
| 5:22 | Research | Loom |
| 5:26 | Create | Villager (Male) |
| 5:27 | Create | Villager (Male) |
| 5:27 | Create | Villager (Male) |
| 5:38 | Create | Villager (Male) |
| 5:38 | Create | Villager (Male) |
| 6:47 | Create | Villager (Male) |
| 7:13 | Build | House |
| 7:16 | Build | House |
| 7:31 | Create | Villager (Male) |
| 7:53 | Create | Villager (Male) |
| 8:28 | Create | Villager (Male) |
| 9:08 | Create | Villager (Male) |
| 9:09 | Create | Villager (Male) |
| 10:00 | Build | Mill |
| 10:02 | Create | Villager (Male) |
| 10:02 | Create | Villager (Male) |
| 10:30 | Create | Villager (Male) |
| 10:39 | Build | House |
| 10:46 | Build | Palisade Wall |
| 11:18 | Create | Villager (Male) |
| 11:36 | Create | Villager (Male) |
| 11:39 | Create | Villager (Male) |
| 11:47 | Build | Mining Camp |
| 11:50 | Research | Feudal Age |
| 13:25 | Build | Barracks |
| 14:09 | Age | Feudal Age |
| 14:29 | Build | Market |
| 14:38 | Build | Blacksmith |
| 15:21 | Research | Castle Age |
| 15:21 | Research | Castle Age |
| 15:52 | Research | Double-Bit Axe |
| 17:06 | Build | Stable |
| 17:46 | Age | Castle Age |
| 18:00 | Create | Knight |
| 18:08 | Create | Villager (Male) |
| 18:44 | Create | Knight |
| 19:29 | Create | Villager (Male) |
| 19:29 | Create | Villager (Male) |
| 19:29 | Create | Villager (Male) |
| 19:35 | Build | Mill |
| 20:19 | Build | Town Center |
| 20:41 | Research | Bloodlines |
| 20:48 | Build | House |
| 21:05 | Create | Villager (Male) |
| 21:15 | Create | Villager (Male) |
| 21:37 | Create | Knight |
| 21:38 | Create | Knight |
| 22:06 | Create | Villager (Male) |
| 22:07 | Create | Villager (Male) |
| 22:07 | Create | Villager (Male) |
| 22:15 | Create | Villager (Male) |
| 22:15 | Create | Villager (Male) |
| 22:29 | Create | Knight |
| 22:36 | Create | Villager (Male) |
| 22:36 | Create | Villager (Male) |
| 22:36 | Create | Villager (Male) |
| 22:37 | Create | Villager (Male) |
| 22:54 | Build | Mill |
| 23:13 | Build | House |
| 23:17 | Build | House |
| 23:18 | Build | House |
| 23:36 | Research | Scale Barding Armor |
| 23:38 | Research | Forging |
| 23:47 | Research | Husbandry |
| 24:23 | Create | Villager (Male) |
| 24:41 | Build | Stable |
| 25:22 | Create | Knight ×3 |
| 26:31 | Create | Knight ×4 |
| 26:48 | Build | Castle |
| 26:55 | Build | Stable |
| 27:34 | Create | Knight ×3 |
| 28:10 | Build | House |
| 28:21 | Build | Farm |
| 28:21 | Build | Farm |
| 28:21 | Build | Farm |
| 28:21 | Build | Farm |
| 28:21 | Build | Farm |
| 28:22 | Build | Farm |
| 28:22 | Build | Farm |
| 28:22 | Build | Farm |
| 29:54 | Create | Villager (Male) |
| 29:55 | Create | Villager (Male) |
| 29:55 | Create | Villager (Male) |
| 29:55 | Create | Villager (Male) |
| 31:29 | Build | Farm |
| 31:29 | Build | Farm |
| 31:32 | Build | Farm |
| 31:33 | Build | Farm |
| 31:55 | Research | Pikeman (upgrade) |
| 32:38 | Research | Imperial Age |
| 32:49 | Build | Mill |
| 32:57 | Research | Gold Mining |
| 33:23 | Create | Villager (Male) |
| 33:24 | Create | Villager (Male) |
| 33:24 | Create | Villager (Male) |
| 33:24 | Create | Villager (Male) |
| 33:25 | Create | Villager (Male) |
| 33:54 | Create | Spearman ×3 |
| 34:07 | Create | Villager (Male) |
| 35:02 | Create | Spearman |
| 35:23 | Age | Imperial Age |
| 36:30 | Build | Barracks |
| 36:31 | Build | Barracks |
| 36:38 | Create | Villager (Male) |
| 36:38 | Create | Villager (Male) |
| 37:19 | Research | Halberdier (upgrade) |
| 37:29 | Create | Spearman ×3 |
| 38:34 | Create | Spearman ×2 |
| 38:59 | Build | Town Center |
| 39:55 | Create | Spearman ×5 |
| 39:56 | Create | Spearman ×5 |
| 41:05 | Create | Spearman ×3 |
| 41:49 | Create | Villager (Male) |
| 42:05 | Create | Spearman |
| 42:08 | Create | Spearman |
| 42:41 | Create | Villager (Male) |
| 42:41 | Create | Villager (Male) |
| 43:21 | Create | Villager (Male) |
| 43:21 | Create | Villager (Male) |
| 43:21 | Create | Villager (Male) |
| 43:22 | Create | Villager (Male) |
| 43:29 | Build | Farm |
| 43:37 | Create | Spearman |
| 43:55 | Build | Farm |
| 44:08 | Create | Spearman ×2 |
| 44:29 | Create | Villager (Male) |
| 44:29 | Create | Villager (Male) |
| 44:46 | Build | Farm |
| 44:46 | Build | Farm |
Build order — 网恋被骗50块
First 150 of 570 actions detected
| 1:12 | Build | Town Center |
| 3:11 | Create | Villager (Male) |
| 3:11 | Create | Villager (Male) |
| 3:12 | Create | Villager (Male) |
| 3:12 | Create | Villager (Male) |
| 3:12 | Create | Villager (Male) |
| 3:20 | Build | House |
| 4:05 | Research | Loom |
| 4:09 | Build | House |
| 4:18 | Create | Villager (Male) |
| 4:18 | Create | Villager (Male) |
| 4:18 | Create | Villager (Male) |
| 4:18 | Create | Villager (Male) |
| 4:24 | Build | House |
| 4:27 | Build | House |
| 5:03 | Build | House |
| 5:08 | Build | House |
| 5:15 | Build | House |
| 5:22 | Create | Villager (Male) |
| 5:22 | Create | Villager (Male) |
| 5:40 | Create | Villager (Male) |
| 5:40 | Create | Villager (Male) |
| 5:54 | Create | Villager (Male) |
| 6:23 | Build | House |
| 6:40 | Build | House |
| 6:51 | Build | Lumber Camp |
| 7:30 | Create | Villager (Male) |
| 7:30 | Create | Villager (Male) |
| 7:30 | Create | Villager (Male) |
| 7:30 | Create | Villager (Male) |
| 7:31 | Create | Villager (Male) |
| 7:31 | Create | Villager (Male) |
| 7:52 | Create | Villager (Male) |
| 7:52 | Create | Villager (Male) |
| 9:07 | Create | Villager (Male) |
| 9:13 | Build | Mining Camp |
| 10:27 | Create | Villager (Male) |
| 10:47 | Create | Villager (Male) |
| 11:20 | Research | Feudal Age |
| 11:30 | Build | Mill |
| 12:47 | Create | Villager (Male) |
| 12:55 | Build | Barracks |
| 13:30 | Age | Feudal Age |
| 13:32 | Create | Villager (Male) |
| 13:44 | Research | Double-Bit Axe |
| 13:46 | Research | Horse Collar |
| 13:58 | Build | Stable |
| 14:12 | Create | Villager (Male) |
| 14:40 | Create | Scout Cavalry |
| 14:48 | Build | House |
| 15:03 | Create | Villager (Male) |
| 15:04 | Create | Villager (Male) |
| 15:09 | Research | Wheelbarrow |
| 15:22 | Build | House |
| 15:29 | Build | Blacksmith |
| 15:35 | Create | Scout Cavalry |
| 16:11 | Create | Scout Cavalry |
| 16:42 | Create | Villager (Male) |
| 17:12 | Research | Castle Age |
| 18:17 | Create | Villager (Male) |
| 18:20 | Research | Bloodlines |
| 18:48 | Build | Stable |
| 18:53 | Build | Stable |
| 18:59 | Research | Forging |
| 19:42 | Research | Horse Collar |
| 19:52 | Age | Castle Age |
| 20:05 | Create | Villager (Male) |
| 20:17 | Build | Farm |
| 20:21 | Create | Villager (Male) |
| 20:23 | Create | Scout Cavalry |
| 20:28 | Create | Scout Cavalry |
| 20:34 | Build | Farm |
| 20:38 | Build | Farm |
| 20:39 | Build | Farm |
| 20:41 | Build | Farm |
| 20:42 | Build | Farm |
| 20:44 | Build | Farm |
| 21:00 | Create | Scout Cavalry |
| 21:01 | Create | Scout Cavalry |
| 21:05 | Create | Villager (Male) |
| 21:21 | Build | Town Center |
| 21:33 | Create | Villager (Male) |
| 21:45 | Build | Farm |
| 21:49 | Create | Scout Cavalry |
| 21:57 | Build | House |
| 22:01 | Build | House |
| 22:24 | Build | House |
| 22:27 | Build | House |
| 22:27 | Build | House |
| 22:28 | Build | House |
| 22:30 | Create | Villager (Male) |
| 22:37 | Create | Scout Cavalry |
| 22:37 | Create | Scout Cavalry |
| 22:56 | Create | Villager (Male) |
| 22:58 | Create | Villager (Male) |
| 23:16 | Research | Light Cavalry (upgrade) |
| 23:19 | Create | Villager (Male) |
| 23:27 | Build | Farm |
| 23:30 | Build | Farm |
| 23:43 | Create | Villager (Male) |
| 23:44 | Create | Villager (Male) |
| 23:56 | Create | Villager (Male) |
| 23:57 | Create | Villager (Male) |
| 24:03 | Build | Farm |
| 24:06 | Build | Farm |
| 24:11 | Build | Farm |
| 24:29 | Create | Villager (Male) |
| 24:30 | Create | Villager (Male) |
| 24:35 | Build | House |
| 24:37 | Build | House |
| 24:38 | Build | House |
| 24:55 | Create | Villager (Male) |
| 24:55 | Create | Villager (Male) |
| 25:18 | Research | Bow Saw |
| 25:22 | Create | Villager (Male) |
| 25:23 | Create | Villager (Male) |
| 25:49 | Build | House |
| 25:50 | Build | House |
| 25:51 | Build | House |
| 25:53 | Create | Villager (Male) |
| 25:54 | Create | Villager (Male) |
| 26:07 | Create | Scout Cavalry |
| 26:07 | Create | Scout Cavalry |
| 26:09 | Create | Villager (Male) |
| 26:10 | Create | Villager (Male) |
| 26:14 | Build | Farm |
| 26:15 | Build | Farm |
| 26:16 | Build | Farm |
| 26:17 | Build | Farm |
| 26:26 | Build | Farm |
| 26:28 | Build | Farm |
| 26:29 | Build | Farm |
| 26:42 | Create | Villager (Male) |
| 26:42 | Create | Villager (Male) |
| 27:01 | Build | Town Center |
| 27:06 | Build | Lumber Camp |
| 27:26 | Create | Villager (Male) |
| 27:26 | Create | Villager (Male) |
| 27:27 | Create | Villager (Male) |
| 27:27 | Create | Villager (Male) |
| 27:50 | Create | Villager (Male) |
| 27:50 | Create | Villager (Male) |
| 27:57 | Build | Farm |
| 28:00 | Build | Farm |
| 28:00 | Build | Farm |
| 28:01 | Build | Farm |
| 28:02 | Build | Farm |
| 28:04 | Build | Farm |
| 28:07 | Create | Villager (Male) |
| 28:07 | Create | Villager (Male) |
Build order — midgardsammael
First 150 of 280 actions detected
| 0:29 | Build | House |
| 0:32 | Build | Lumber Camp |
| 1:38 | Build | Town Center |
| 2:15 | Build | Palisade Wall |
| 3:35 | Create | Villager (Male) ×4 |
| 3:35 | Create | Villager (Male) ×4 |
| 4:30 | Create | Villager (Male) |
| 4:30 | Create | Villager (Male) |
| 5:00 | Build | House |
| 5:20 | Create | Villager (Male) |
| 5:20 | Create | Villager (Male) |
| 5:39 | Create | Villager (Male) |
| 5:39 | Create | Villager (Male) |
| 5:59 | Create | Villager (Male) |
| 5:59 | Create | Villager (Male) |
| 6:42 | Build | House |
| 6:53 | Create | Villager (Male) |
| 6:54 | Create | Villager (Male) |
| 6:54 | Create | Villager (Male) |
| 7:39 | Create | Villager (Male) |
| 7:40 | Create | Villager (Male) |
| 8:01 | Create | Villager (Male) |
| 8:02 | Create | Villager (Male) |
| 8:02 | Create | Villager (Male) |
| 8:02 | Create | Villager (Male) |
| 9:07 | Create | Villager (Male) |
| 9:10 | Build | House |
| 9:44 | Create | Villager (Male) |
| 10:10 | Build | Lumber Camp |
| 10:18 | Research | Loom |
| 10:18 | Research | Loom |
| 10:20 | Create | Villager (Male) |
| 10:20 | Create | Villager (Male) |
| 10:48 | Build | Mill |
| 11:36 | Create | Villager (Male) |
| 11:36 | Create | Villager (Male) |
| 11:40 | Research | Feudal Age |
| 12:04 | Build | House |
| 12:08 | Create | Villager (Male) |
| 12:09 | Create | Villager (Male) |
| 14:05 | Age | Feudal Age |
| 14:10 | Build | Market |
| 14:19 | Research | Double-Bit Axe |
| 14:19 | Research | Double-Bit Axe |
| 14:46 | Build | Blacksmith |
| 15:02 | Create | Villager (Male) |
| 15:14 | Build | Mining Camp |
| 15:18 | Create | Villager (Male) |
| 15:49 | Research | Castle Age |
| 15:49 | Research | Castle Age |
| 16:18 | Research | Gold Mining |
| 16:26 | Create | Villager (Male) |
| 16:26 | Create | Villager (Male) |
| 16:26 | Create | Villager (Male) |
| 18:32 | Age | Castle Age |
| 18:36 | Build | Castle |
| 18:40 | Build | Mill |
| 18:43 | Create | Villager (Male) |
| 18:46 | Research | Scale Mail Armor |
| 18:47 | Research | Scale Mail Armor |
| 19:10 | Create | Villager (Male) |
| 19:16 | Build | Barracks |
| 19:17 | Build | House |
| 19:32 | Create | Villager (Male) |
| 19:33 | Create | Villager (Male) |
| 19:43 | Create | Gbeto ×2 |
| 19:43 | Create | Gbeto ×2 |
| 20:08 | Research | Forging |
| 20:16 | Build | Farm |
| 20:19 | Build | Farm |
| 20:21 | Build | Farm |
| 20:27 | Create | Villager (Male) |
| 20:27 | Create | Villager (Male) |
| 20:38 | Create | Gbeto |
| 20:38 | Create | Gbeto ×2 |
| 20:39 | Create | Gbeto |
| 20:45 | Build | Farm |
| 20:52 | Create | Villager (Male) |
| 20:53 | Create | Villager (Male) |
| 21:07 | Create | Villager (Male) |
| 21:10 | Create | Gbeto |
| 21:10 | Create | Gbeto |
| 21:41 | Create | Gbeto ×2 |
| 21:42 | Create | Gbeto ×2 |
| 22:28 | Create | Villager (Male) |
| 22:28 | Create | Villager (Male) |
| 22:28 | Create | Villager (Male) |
| 22:33 | Create | Gbeto ×2 |
| 22:33 | Create | Gbeto ×2 |
| 22:44 | Build | Monastery |
| 23:09 | Create | Villager (Male) |
| 23:09 | Create | Villager (Male) |
| 23:18 | Create | Monk |
| 23:47 | Create | Villager (Male) |
| 23:49 | Create | Villager (Male) |
| 23:51 | Research | Squires |
| 23:52 | Research | Squires |
| 23:52 | Research | Squires |
| 23:54 | Create | Gbeto ×5 |
| 24:19 | Create | Villager (Male) |
| 24:27 | Build | Town Center |
| 24:31 | Create | Villager (Male) |
| 25:17 | Create | Villager (Male) |
| 25:19 | Create | Gbeto ×2 |
| 25:19 | Create | Gbeto ×2 |
| 25:27 | Build | Mining Camp |
| 25:47 | Create | Villager (Male) |
| 26:19 | Create | Monk |
| 26:23 | Create | Gbeto |
| 26:31 | Build | Farm |
| 26:32 | Build | Farm |
| 26:33 | Build | Farm |
| 26:38 | Build | Watch Tower |
| 26:42 | Research | Stone Mining |
| 26:47 | Create | Gbeto |
| 27:15 | Create | Villager (Male) |
| 27:18 | Build | House |
| 27:19 | Build | House |
| 27:34 | Create | Villager (Male) |
| 27:37 | Research | Arson |
| 27:58 | Create | Villager (Male) |
| 27:58 | Create | Villager (Male) |
| 28:45 | Create | Villager (Male) |
| 28:45 | Create | Villager (Male) |
| 28:48 | Build | Farm |
| 28:48 | Build | Farm |
| 28:48 | Build | Farm |
| 28:49 | Build | Farm |
| 28:49 | Build | Farm |
| 28:56 | Create | Villager (Male) |
| 29:08 | Create | Gbeto ×5 |
| 29:09 | Create | Gbeto ×3 |
| 30:00 | Create | Villager (Male) |
| 30:00 | Create | Villager (Male) |
| 30:01 | Create | Villager (Male) |
| 30:03 | Build | House |
| 30:04 | Build | House |
| 30:05 | Build | House |
| 30:05 | Build | House |
| 30:10 | Research | Chain Mail Armor |
| 30:11 | Research | Chain Mail Armor |
| 30:50 | Create | Villager (Male) |
| 30:51 | Create | Villager (Male) |
| 30:52 | Create | Villager (Male) |
| 30:53 | Create | Villager (Male) |
| 30:55 | Build | Farm |
| 30:55 | Build | Farm |
| 30:56 | Build | Farm |
| 30:56 | Build | Farm |
| 30:56 | Build | Farm |
Build order — Chef
131 actions detected in the replay
| 0:10 | Build | House |
| 1:00 | Build | Town Center |
| 1:34 | Build | House |
| 2:55 | Create | Villager (Male) |
| 2:57 | Research | Loom |
| 3:00 | Create | Villager (Male) |
| 3:27 | Create | Villager (Male) |
| 3:35 | Create | Villager (Male) |
| 4:02 | Create | Villager (Male) |
| 4:30 | Create | Villager (Male) |
| 4:42 | Create | Villager (Male) |
| 6:04 | Build | Lumber Camp |
| 6:19 | Create | Villager (Male) |
| 6:19 | Create | Villager (Male) |
| 7:16 | Create | Villager (Male) |
| 7:26 | Build | House |
| 7:27 | Build | House |
| 7:30 | Create | Villager (Male) |
| 7:31 | Create | Villager (Male) |
| 7:32 | Create | Villager (Male) |
| 7:32 | Create | Villager (Male) |
| 8:18 | Create | Villager (Male) |
| 8:25 | Create | Villager (Male) |
| 8:47 | Create | Villager (Male) |
| 9:03 | Create | Villager (Male) |
| 9:14 | Create | Villager (Male) |
| 9:16 | Create | Villager (Male) |
| 9:25 | Build | Mill |
| 9:27 | Create | Villager (Male) |
| 9:29 | Create | Villager (Male) |
| 9:37 | Create | Villager (Male) |
| 10:14 | Research | Feudal Age |
| 10:40 | Create | Villager (Male) |
| 11:14 | Build | Palisade Wall |
| 11:18 | Create | Villager (Male) |
| 11:24 | Create | Villager (Male) |
| 11:37 | Build | Mining Camp |
| 11:44 | Build | Palisade Wall |
| 12:24 | Age | Feudal Age |
| 12:40 | Build | Market |
| 12:49 | Create | Villager (Male) |
| 13:07 | Create | Villager (Male) |
| 13:50 | Create | Villager (Male) |
| 14:21 | Build | Blacksmith |
| 14:26 | Create | Villager (Male) |
| 14:53 | Research | Castle Age |
| 14:59 | Build | House |
| 15:25 | Create | Villager (Male) |
| 16:01 | Build | House |
| 16:05 | Create | Villager (Male) |
| 16:19 | Research | Fletching |
| 16:19 | Create | Villager (Male) |
| 16:25 | Create | Villager (Male) |
| 17:23 | Create | Villager (Male) |
| 17:33 | Age | Castle Age |
| 17:36 | Create | Villager (Male) |
| 17:44 | Create | Villager (Male) |
| 17:54 | Create | Villager (Male) |
| 18:09 | Build | University |
| 18:14 | Create | Villager (Male) |
| 18:27 | Create | Villager (Male) |
| 18:32 | Create | Villager (Male) |
| 18:38 | Create | Villager (Male) |
| 18:48 | Create | Villager (Male) |
| 19:18 | Research | Ballistics |
| 19:20 | Create | Villager (Male) |
| 19:36 | Create | Villager (Male) |
| 19:50 | Create | Villager (Male) |
| 20:20 | Create | Villager (Male) |
| 20:36 | Build | Castle |
| 20:58 | Create | Villager (Male) |
| 21:04 | Build | House |
| 21:05 | Build | House |
| 21:07 | Create | Villager (Male) |
| 21:40 | Create | Villager (Male) |
| 22:04 | Create | Villager (Male) |
| 22:17 | Create | Mangudai |
| 22:20 | Create | Villager (Male) |
| 22:23 | Create | Mangudai |
| 22:37 | Build | Mill |
| 22:38 | Create | Mangudai |
| 22:47 | Create | Mangudai |
| 22:47 | Create | Mangudai |
| 22:58 | Create | Mangudai |
| 23:06 | Create | Mangudai |
| 23:18 | Create | Mangudai |
| 23:55 | Create | Villager (Male) |
| 24:10 | Create | Villager (Male) |
| 24:20 | Create | Villager (Male) |
| 24:36 | Build | Monastery |
| 24:40 | Create | Villager (Male) |
| 25:25 | Create | Monk |
| 25:33 | Create | Villager (Male) |
| 25:54 | Create | Mangudai |
| 26:25 | Create | Villager (Male) |
| 26:41 | Build | Palisade Gate |
| 26:46 | Create | Villager (Male) |
| 26:48 | Create | Villager (Male) |
| 26:53 | Create | Villager (Male) |
| 27:52 | Create | Mangudai |
| 28:01 | Build | Watch Tower |
| 28:15 | Create | Villager (Male) |
| 29:57 | Create | Mangudai |
| 30:02 | Create | Villager (Male) |
| 30:04 | Create | Mangudai |
| 30:30 | Create | Mangudai |
| 30:30 | Create | Mangudai |
| 30:48 | Create | Mangudai |
| 31:22 | Create | Villager (Male) |
| 31:39 | Create | Villager (Male) |
| 31:42 | Create | Mangudai |
| 32:39 | Create | Mangudai |
| 32:56 | Create | Mangudai |
| 36:48 | Build | Lumber Camp |
| 38:55 | Create | Mangudai |
| 39:43 | Research | Double-Bit Axe |
| 40:17 | Create | Mangudai |
| 40:38 | Create | Mangudai |
| 40:58 | Create | Mangudai |
| 41:26 | Create | Mangudai |
| 41:49 | Create | Mangudai |
| 42:01 | Create | Mangudai |
| 42:38 | Create | Mangudai |
| 42:47 | Create | Mangudai |
| 44:45 | Build | Town Center |
| 48:37 | Create | Villager (Male) |
| 49:32 | Create | Mangudai |
| 49:58 | Create | Villager (Male) |
| 50:04 | Create | Villager (Male) |
| 51:08 | Build | Farm |
| 51:47 | Build | Town Center |
Build order — CTM | Franco*
First 150 of 195 actions detected
| 0:33 | Build | Town Center |
| 1:29 | Build | House |
| 1:30 | Build | House |
| 1:31 | Build | House |
| 1:34 | Build | House |
| 2:54 | Create | Villager (Male) |
| 2:55 | Create | Villager (Male) |
| 2:56 | Create | Villager (Male) |
| 2:56 | Create | Villager (Male) |
| 3:55 | Create | Villager (Male) |
| 3:56 | Create | Villager (Male) |
| 4:59 | Create | Villager (Male) |
| 4:59 | Create | Villager (Male) |
| 5:22 | Create | Villager (Male) |
| 5:22 | Create | Villager (Male) |
| 5:28 | Create | Villager (Male) |
| 5:28 | Create | Villager (Male) |
| 6:02 | Create | Villager (Male) |
| 6:02 | Create | Villager (Male) |
| 6:26 | Create | Villager (Male) |
| 6:26 | Create | Villager (Male) |
| 6:34 | Create | Villager (Male) |
| 7:04 | Create | Villager (Male) |
| 7:06 | Research | Loom |
| 7:17 | Create | Villager (Male) |
| 7:26 | Create | Villager (Male) |
| 7:27 | Create | Villager (Male) |
| 7:58 | Create | Villager (Male) |
| 7:59 | Create | Villager (Male) |
| 7:59 | Create | Villager (Male) |
| 9:57 | Create | Villager (Male) |
| 9:58 | Create | Villager (Male) |
| 10:35 | Build | Lumber Camp |
| 11:34 | Research | Feudal Age |
| 14:57 | Build | Town Center |
| 15:41 | Build | Mining Camp |
| 15:53 | Build | House |
| 15:54 | Build | House |
| 16:28 | Build | House |
| 16:37 | Research | Feudal Age |
| 16:48 | Build | Palisade Wall |
| 16:49 | Build | Palisade Wall |
| 16:54 | Build | Palisade Wall |
| 16:56 | Build | Palisade Wall |
| 17:11 | Build | House |
| 17:16 | Build | House |
| 17:21 | Build | House |
| 18:46 | Build | Palisade Wall |
| 18:47 | Age | Feudal Age |
| 18:50 | Build | Gate |
| 18:54 | Research | Wheelbarrow |
| 18:56 | Research | Town Watch |
| 18:59 | Research | Double-Bit Axe |
| 19:07 | Create | Villager (Male) |
| 19:07 | Create | Villager (Male) |
| 19:08 | Create | Villager (Male) |
| 19:46 | Create | Villager (Male) |
| 19:47 | Create | Villager (Male) |
| 22:32 | Create | Villager (Male) |
| 22:32 | Create | Villager (Male) |
| 22:33 | Create | Villager (Male) |
| 23:46 | Create | Villager (Male) |
| 23:46 | Create | Villager (Male) |
| 23:57 | Create | Villager (Male) |
| 24:38 | Build | Stone Wall |
| 24:40 | Build | Palisade Wall |
| 24:42 | Build | Palisade Wall |
| 24:51 | Build | Stone Wall |
| 24:53 | Build | Stone Wall |
| 25:01 | Build | Stone Wall |
| 25:07 | Build | Stone Wall |
| 25:11 | Build | Stone Wall |
| 25:26 | Build | Stone Wall |
| 25:37 | Build | Gate |
| 25:55 | Build | Stone Wall |
| 26:19 | Build | House |
| 26:43 | Research | Castle Age |
| 29:23 | Age | Castle Age |
| 29:35 | Create | Villager (Male) |
| 29:36 | Create | Villager (Male) |
| 29:43 | Build | House |
| 29:45 | Build | House |
| 29:46 | Build | House |
| 29:57 | Research | Bow Saw |
| 30:19 | Build | Town Center |
| 30:48 | Build | Town Center |
| 31:00 | Build | House |
| 31:02 | Build | House |
| 31:03 | Build | House |
| 31:04 | Build | House |
| 31:16 | Build | Mill |
| 31:19 | Create | Villager (Male) |
| 31:24 | Create | Villager (Male) |
| 31:24 | Create | Villager (Male) |
| 31:28 | Build | Farm |
| 31:29 | Build | Farm |
| 31:30 | Build | Farm |
| 31:31 | Build | Farm |
| 31:32 | Build | Farm |
| 31:35 | Build | Farm |
| 32:13 | Build | Blacksmith |
| 32:29 | Build | Castle |
| 32:43 | Build | Farm |
| 32:44 | Build | Farm |
| 32:52 | Build | Farm |
| 32:59 | Build | Farm |
| 33:01 | Create | Villager (Male) |
| 33:10 | Build | Farm |
| 33:16 | Create | Villager (Male) |
| 33:20 | Create | Villager (Male) |
| 33:33 | Build | Stone Wall |
| 33:36 | Build | Stone Wall |
| 33:57 | Build | Farm |
| 34:03 | Create | Ballista Elephant |
| 34:03 | Create | Ballista Elephant |
| 34:43 | Create | Ballista Elephant |
| 34:43 | Create | Ballista Elephant |
| 34:55 | Build | Farm |
| 35:01 | Create | Villager (Male) |
| 35:02 | Create | Villager (Male) |
| 35:04 | Create | Villager (Male) |
| 35:05 | Create | Villager (Male) |
| 35:16 | Create | Villager (Male) |
| 35:55 | Research | Fletching |
| 36:00 | Build | Farm |
| 36:02 | Build | Farm |
| 36:03 | Build | Farm |
| 36:04 | Create | Villager (Male) |
| 36:05 | Create | Villager (Male) |
| 36:09 | Create | Villager (Male) |
| 36:22 | Create | Villager (Male) |
| 36:25 | Create | Villager (Male) |
| 36:25 | Create | Villager (Male) |
| 36:26 | Create | Villager (Male) |
| 36:32 | Build | Farm |
| 36:33 | Build | Farm |
| 36:35 | Build | Farm |
| 36:41 | Build | Farm |
| 36:43 | Build | Farm |
| 37:00 | Create | Villager (Male) |
| 37:01 | Create | Villager (Male) |
| 37:03 | Build | Farm |
| 37:06 | Create | Villager (Male) |
| 37:07 | Create | Villager (Male) |
| 37:17 | Create | Villager (Male) |
| 37:18 | Create | Villager (Male) |
| 37:22 | Build | Farm |
| 37:25 | Create | Villager (Male) |
| 37:25 | Create | Villager (Male) |
| 37:29 | Create | Villager (Male) |
Build order — Nameho
First 150 of 473 actions detected
| 0:56 | Build | Town Center |
| 2:14 | Build | House |
| 2:40 | Build | Mill |
| 3:28 | Create | Villager (Male) |
| 3:28 | Create | Villager (Male) |
| 3:29 | Create | Villager (Male) |
| 3:54 | Create | Villager (Male) |
| 3:55 | Create | Villager (Male) |
| 4:34 | Create | Villager (Male) |
| 4:55 | Create | Villager (Male) |
| 5:28 | Create | Villager (Male) |
| 5:29 | Create | Villager (Male) |
| 5:43 | Build | House |
| 6:01 | Create | Villager (Male) |
| 6:31 | Create | Villager (Male) |
| 6:31 | Create | Villager (Male) |
| 6:31 | Create | Villager (Male) |
| 6:57 | Build | House |
| 7:02 | Create | Villager (Male) |
| 8:01 | Create | Villager (Male) |
| 8:11 | Create | Villager (Male) |
| 8:46 | Create | Villager (Male) |
| 9:15 | Build | House |
| 9:26 | Create | Villager (Male) |
| 9:27 | Create | Villager (Male) |
| 9:47 | Build | Mill |
| 10:01 | Build | House |
| 10:13 | Build | Palisade Wall |
| 10:37 | Build | Palisade Wall |
| 10:49 | Create | Villager (Male) |
| 10:50 | Create | Villager (Male) |
| 10:57 | Research | Feudal Age |
| 11:25 | Research | Loom |
| 12:15 | Create | Villager (Male) |
| 12:25 | Build | Barracks |
| 13:24 | Age | Feudal Age |
| 13:26 | Create | Villager (Male) |
| 13:32 | Build | House |
| 14:00 | Build | Farm |
| 14:01 | Build | Farm |
| 14:14 | Create | Spearman |
| 14:36 | Create | Villager (Male) |
| 14:51 | Build | Farm |
| 15:03 | Research | Castle Age |
| 15:40 | Build | House |
| 15:54 | Build | Palisade Wall |
| 16:03 | Create | Villager (Male) |
| 16:05 | Create | Villager (Male) |
| 16:10 | Build | Lumber Camp |
| 17:19 | Build | Palisade Wall |
| 17:44 | Age | Castle Age |
| 17:50 | Build | Town Center |
| 17:52 | Research | Double-Bit Axe |
| 18:27 | Create | Villager (Male) |
| 19:12 | Build | Stone Wall |
| 19:16 | Create | Villager (Male) |
| 19:17 | Create | Villager (Male) |
| 19:17 | Create | Villager (Male) |
| 19:17 | Create | Villager (Male) |
| 19:18 | Create | Villager (Male) |
| 19:25 | Build | Mining Camp |
| 19:30 | Create | Villager (Male) |
| 19:30 | Create | Villager (Male) |
| 19:38 | Build | Farm |
| 19:41 | Create | Villager (Male) |
| 19:41 | Create | Villager (Male) |
| 19:42 | Create | Villager (Male) |
| 19:42 | Create | Villager (Male) |
| 20:05 | Build | Palisade Wall |
| 20:12 | Create | Villager (Male) |
| 20:12 | Create | Villager (Male) |
| 20:15 | Build | Farm |
| 20:28 | Build | Palisade Wall |
| 20:34 | Build | House |
| 20:35 | Build | Palisade Wall |
| 20:45 | Build | Farm |
| 20:50 | Build | Farm |
| 20:51 | Build | Farm |
| 20:52 | Build | Farm |
| 20:55 | Build | Farm |
| 21:09 | Build | Farm |
| 21:33 | Build | Farm |
| 21:34 | Create | Villager (Male) |
| 21:34 | Create | Villager (Male) |
| 21:34 | Create | Villager (Male) |
| 21:45 | Create | Villager (Male) |
| 21:45 | Create | Villager (Male) |
| 22:06 | Create | Villager (Male) |
| 22:07 | Create | Villager (Male) |
| 22:07 | Create | Villager (Male) |
| 22:23 | Build | Stable |
| 22:24 | Build | Stable |
| 22:29 | Create | Villager (Male) |
| 22:29 | Create | Villager (Male) |
| 22:34 | Build | Farm |
| 22:35 | Build | Farm |
| 23:10 | Build | Gate |
| 23:15 | Build | House |
| 23:22 | Create | Villager (Male) |
| 23:22 | Create | Villager (Male) |
| 23:37 | Create | Villager (Male) |
| 23:38 | Create | Villager (Male) |
| 23:45 | Build | Farm |
| 23:46 | Build | Farm |
| 23:48 | Build | Farm |
| 23:50 | Create | Villager (Male) |
| 23:50 | Create | Villager (Male) |
| 23:51 | Create | Villager (Male) |
| 23:59 | Build | House |
| 24:00 | Build | House |
| 24:04 | Research | Wheelbarrow |
| 24:20 | Build | Stone Wall |
| 24:30 | Create | Villager (Male) |
| 24:30 | Create | Villager (Male) |
| 24:31 | Create | Villager (Male) |
| 24:37 | Build | Town Center |
| 24:43 | Create | Knight |
| 24:43 | Create | Knight |
| 24:53 | Create | Spearman |
| 24:53 | Create | Spearman |
| 24:56 | Build | House |
| 25:12 | Build | Palisade Wall |
| 25:14 | Build | Palisade Wall |
| 25:40 | Create | Spearman |
| 26:25 | Create | Villager (Male) |
| 26:25 | Create | Villager (Male) |
| 26:25 | Create | Villager (Male) |
| 27:06 | Build | Stone Wall |
| 27:09 | Create | Villager (Male) |
| 27:10 | Create | Villager (Male) |
| 27:21 | Build | Farm |
| 27:22 | Build | Farm |
| 27:23 | Build | Farm |
| 27:24 | Build | Farm |
| 27:25 | Build | Farm |
| 27:29 | Research | Pikeman (upgrade) |
| 27:31 | Create | Villager (Male) |
| 27:33 | Create | Villager (Male) |
| 27:33 | Create | Villager (Male) |
| 27:33 | Create | Villager (Male) |
| 27:36 | Build | Farm |
| 27:37 | Build | Farm |
| 27:38 | Build | Farm |
| 27:39 | Build | Farm |
| 27:40 | Build | Farm |
| 27:41 | Build | Farm |
| 27:43 | Build | House |
| 27:46 | Build | Farm |
| 28:04 | Build | Siege Workshop |
| 28:19 | Build | Stone Wall |
Build order — __04_Zonko570_Arg
First 150 of 207 actions detected
| 0:07 | Build | Town Center |
| 0:30 | Build | House |
| 1:25 | Build | Palisade Wall |
| 1:28 | Build | Palisade Wall |
| 1:30 | Build | Palisade Wall |
| 2:46 | Create | Villager (Male) |
| 2:46 | Create | Villager (Male) |
| 2:47 | Create | Villager (Male) |
| 2:47 | Create | Villager (Male) |
| 2:47 | Create | Villager (Male) |
| 2:48 | Create | Villager (Male) |
| 4:15 | Create | Villager (Male) |
| 4:17 | Create | Villager (Male) |
| 4:17 | Create | Villager (Male) |
| 4:54 | Create | Villager (Male) |
| 4:56 | Create | Villager (Male) |
| 4:58 | Build | House |
| 5:31 | Create | Villager (Male) |
| 5:33 | Research | Loom |
| 6:52 | Build | House |
| 7:18 | Create | Villager (Male) |
| 8:17 | Build | Town Center |
| 9:44 | Create | Villager (Male) |
| 9:47 | Create | Villager (Male) |
| 10:42 | Create | Villager (Male) |
| 11:36 | Create | Villager (Male) |
| 11:37 | Create | Villager (Male) |
| 12:24 | Create | Villager (Male) |
| 12:24 | Create | Villager (Male) |
| 12:24 | Create | Villager (Male) |
| 13:09 | Create | Villager (Male) |
| 13:10 | Create | Villager (Male) |
| 14:10 | Create | Villager (Male) |
| 14:10 | Create | Villager (Male) |
| 14:31 | Build | House |
| 14:44 | Create | Villager (Male) |
| 14:44 | Create | Villager (Male) |
| 15:00 | Create | Villager (Male) |
| 15:55 | Create | Villager (Male) |
| 15:56 | Create | Villager (Male) |
| 16:17 | Build | House |
| 17:17 | Create | Villager (Male) |
| 18:25 | Build | Lumber Camp |
| 18:32 | Create | Villager (Male) |
| 18:33 | Create | Villager (Male) |
| 19:04 | Build | House |
| 19:21 | Create | Villager (Male) |
| 19:40 | Create | Villager (Male) |
| 19:52 | Build | Mill |
| 20:20 | Create | Villager (Male) |
| 20:29 | Research | Feudal Age |
| 21:36 | Build | Mill |
| 22:21 | Build | Mining Camp |
| 22:26 | Create | Villager (Male) |
| 22:29 | Create | Villager (Male) |
| 22:47 | Age | Feudal Age |
| 23:17 | Build | Blacksmith |
| 23:21 | Create | Villager (Male) |
| 24:01 | Build | Market |
| 24:04 | Create | Villager (Male) |
| 24:27 | Build | Mining Camp |
| 24:37 | Create | Villager (Male) |
| 24:50 | Build | House |
| 24:55 | Build | House |
| 25:12 | Create | Villager (Male) |
| 25:40 | Build | House |
| 25:46 | Create | Villager (Male) |
| 26:27 | Build | Barracks |
| 26:41 | Research | Castle Age |
| 27:30 | Build | Stable |
| 28:12 | Research | Scale Barding Armor |
| 28:13 | Research | Forging |
| 28:26 | Build | Stable |
| 29:07 | Age | Castle Age |
| 29:14 | Create | Camel Scout |
| 29:14 | Create | Camel Scout |
| 29:18 | Create | Villager (Male) |
| 29:18 | Create | Villager (Male) |
| 29:27 | Build | Mill |
| 29:50 | Create | Camel Scout |
| 29:52 | Create | Scout Cavalry |
| 29:53 | Create | Scout Cavalry |
| 29:53 | Create | Scout Cavalry |
| 29:55 | Create | Villager (Male) |
| 29:56 | Create | Villager (Male) |
| 30:24 | Create | Camel Scout |
| 30:25 | Create | Camel Scout |
| 30:38 | Create | Camel Scout |
| 30:38 | Create | Camel Scout |
| 30:38 | Create | Camel Scout |
| 30:38 | Create | Camel Scout |
| 30:39 | Create | Camel Scout |
| 31:20 | Create | Knight |
| 31:21 | Create | Knight |
| 31:24 | Research | Light Cavalry (upgrade) |
| 31:26 | Create | Villager (Male) |
| 31:27 | Create | Villager (Male) |
| 31:27 | Create | Villager (Male) |
| 31:28 | Create | Villager (Male) |
| 31:28 | Create | Villager (Male) |
| 31:38 | Build | Town Center |
| 31:48 | Create | Camel Scout |
| 31:49 | Create | Camel Scout |
| 31:51 | Create | Scout Cavalry |
| 31:51 | Create | Scout Cavalry |
| 32:34 | Create | Villager (Male) |
| 32:38 | Create | Villager (Male) |
| 33:29 | Research | Bloodlines |
| 33:32 | Create | Camel Scout |
| 33:32 | Create | Camel Scout |
| 33:33 | Create | Camel Scout |
| 33:33 | Create | Camel Scout |
| 33:33 | Create | Camel Scout |
| 33:33 | Create | Camel Scout |
| 33:57 | Create | Villager (Male) |
| 34:05 | Create | Villager (Male) |
| 34:06 | Create | Villager (Male) |
| 34:06 | Create | Villager (Male) |
| 34:08 | Create | Villager (Male) |
| 34:08 | Create | Villager (Male) |
| 34:21 | Build | House |
| 34:22 | Build | House |
| 34:24 | Build | House |
| 36:15 | Create | Villager (Male) |
| 36:15 | Create | Villager (Male) |
| 36:20 | Create | Knight |
| 36:20 | Create | Knight |
| 36:23 | Create | Knight |
| 36:23 | Create | Knight |
| 36:24 | Create | Villager (Male) |
| 36:25 | Create | Villager (Male) |
| 36:25 | Create | Villager (Male) |
| 36:33 | Build | House |
| 36:33 | Build | House |
| 36:34 | Build | House |
| 36:54 | Create | Villager (Male) |
| 36:55 | Create | Villager (Male) |
| 37:15 | Create | Villager (Male) |
| 37:23 | Create | Knight |
| 37:23 | Create | Knight |
| 37:23 | Create | Knight |
| 37:24 | Create | Knight |
| 37:53 | Build | Castle |
| 38:08 | Create | Knight |
| 38:08 | Create | Knight |
| 38:16 | Create | Camel Scout |
| 38:17 | Create | Camel Scout |
| 38:17 | Create | Camel Scout |
| 38:28 | Build | Castle |
| 38:36 | Create | Knight |
Build order — PSX | King
First 150 of 551 actions detected
| 0:12 | Build | Town Center |
| 0:50 | Build | Palisade Gate |
| 0:57 | Build | Palisade Wall |
| 1:00 | Build | Palisade Wall |
| 1:01 | Build | Palisade Wall |
| 2:50 | Create | Villager (Male) |
| 2:50 | Create | Villager (Male) |
| 2:51 | Create | Villager (Male) |
| 2:51 | Create | Villager (Male) |
| 2:51 | Create | Villager (Male) |
| 3:22 | Build | House |
| 3:30 | Build | House |
| 3:33 | Build | House |
| 3:52 | Research | Loom |
| 4:05 | Create | Villager (Male) |
| 4:05 | Create | Villager (Male) |
| 4:06 | Create | Villager (Male) |
| 4:06 | Create | Villager (Male) |
| 4:33 | Create | Villager (Male) |
| 4:33 | Create | Villager (Male) |
| 4:52 | Build | Outpost |
| 5:35 | Create | Villager (Male) |
| 5:35 | Create | Villager (Male) |
| 5:47 | Build | Mill |
| 5:48 | Create | Villager (Male) |
| 5:49 | Create | Villager (Male) |
| 6:18 | Create | Villager (Male) |
| 6:53 | Create | Villager (Male) |
| 6:53 | Create | Villager (Male) |
| 7:22 | Build | Palisade Wall |
| 7:26 | Build | Palisade Wall |
| 7:29 | Build | Palisade Wall |
| 7:35 | Build | Palisade Wall |
| 7:38 | Build | Palisade Wall |
| 7:41 | Build | Palisade Wall |
| 7:41 | Build | Palisade Wall |
| 7:53 | Create | Villager (Male) |
| 7:54 | Create | Villager (Male) |
| 7:54 | Create | Villager (Male) |
| 8:02 | Build | House |
| 9:02 | Create | Villager (Male) |
| 9:16 | Create | Villager (Male) |
| 9:31 | Build | House |
| 9:42 | Create | Villager (Male) |
| 10:12 | Build | Outpost |
| 10:19 | Create | Villager (Male) |
| 10:32 | Build | Palisade Wall |
| 10:33 | Build | Palisade Wall |
| 10:47 | Create | Villager (Male) |
| 11:05 | Create | Villager (Male) |
| 11:37 | Build | Lumber Camp |
| 11:40 | Create | Villager (Male) |
| 12:02 | Create | Villager (Male) |
| 12:19 | Research | Feudal Age |
| 12:28 | Create | Villager (Male) |
| 13:11 | Build | Barracks |
| 13:53 | Build | Lumber Camp |
| 14:11 | Build | House |
| 14:12 | Build | House |
| 14:14 | Create | Villager (Male) |
| 14:40 | Age | Feudal Age |
| 14:40 | Build | House |
| 14:47 | Research | Double-Bit Axe |
| 15:20 | Build | Stable |
| 15:24 | Create | Villager (Male) |
| 15:44 | Build | Mill |
| 15:51 | Build | Palisade Wall |
| 15:53 | Create | Villager (Male) |
| 16:01 | Create | Villager (Male) |
| 16:06 | Create | Scout Cavalry |
| 16:06 | Create | Scout Cavalry |
| 16:16 | Build | Mining Camp |
| 16:17 | Create | Villager (Male) |
| 16:31 | Build | Outpost |
| 16:35 | Build | Outpost |
| 16:38 | Build | Outpost |
| 16:40 | Build | Outpost |
| 16:45 | Research | Town Watch |
| 16:51 | Create | Villager (Male) |
| 17:08 | Build | Blacksmith |
| 17:13 | Create | Villager (Male) |
| 17:16 | Build | House |
| 17:33 | Create | Villager (Male) |
| 17:45 | Build | Outpost |
| 18:04 | Create | Villager (Male) |
| 18:08 | Build | Market |
| 18:17 | Build | Outpost |
| 18:21 | Build | Outpost |
| 18:25 | Create | Villager (Male) |
| 18:41 | Research | Castle Age |
| 18:41 | Research | Castle Age |
| 18:56 | Build | Stone Wall |
| 19:04 | Build | Stone Wall |
| 19:08 | Build | Stone Wall |
| 19:16 | Build | Stone Wall |
| 19:17 | Create | Villager (Male) |
| 19:24 | Build | Mining Camp |
| 19:50 | Create | Villager (Male) |
| 20:01 | Research | Gold Mining |
| 20:31 | Build | Gate |
| 21:07 | Build | Gate |
| 21:10 | Build | Stone Wall |
| 21:21 | Age | Castle Age |
| 21:28 | Build | Town Center |
| 21:35 | Build | Town Center |
| 22:44 | Build | Stone Wall |
| 22:49 | Build | Farm |
| 22:50 | Build | Farm |
| 22:55 | Create | Villager (Male) |
| 22:56 | Create | Villager (Male) |
| 23:28 | Build | Farm |
| 23:36 | Build | Farm |
| 23:36 | Build | Farm |
| 23:41 | Create | Villager (Male) |
| 23:41 | Create | Villager (Male) |
| 23:42 | Create | Villager (Male) |
| 23:54 | Build | Farm |
| 23:57 | Build | Farm |
| 24:05 | Build | Stone Wall |
| 24:12 | Build | Stone Wall |
| 24:20 | Build | Farm |
| 24:21 | Build | Farm |
| 24:23 | Build | Farm |
| 24:26 | Create | Villager (Male) |
| 24:26 | Create | Villager (Male) |
| 24:27 | Create | Villager (Male) |
| 24:27 | Create | Villager (Male) |
| 24:37 | Build | Farm |
| 24:47 | Build | Farm |
| 24:52 | Create | Villager (Male) |
| 24:52 | Create | Villager (Male) |
| 24:54 | Build | Farm |
| 25:12 | Create | Villager (Male) |
| 25:12 | Create | Villager (Male) |
| 25:16 | Build | Farm |
| 25:18 | Build | Farm |
| 25:25 | Create | Villager (Male) |
| 25:25 | Create | Villager (Male) |
| 25:25 | Create | Villager (Male) |
| 25:26 | Create | Villager (Male) |
| 25:34 | Build | Farm |
| 25:40 | Build | Farm |
| 25:41 | Create | Villager (Male) |
| 25:41 | Create | Villager (Male) |
| 25:51 | Create | Villager (Male) |
| 25:51 | Create | Villager (Male) |
| 25:56 | Build | Farm |
| 25:58 | Create | Villager (Male) |
| 25:58 | Create | Villager (Male) |
| 26:09 | Create | Villager (Male) |
Match timeline
| 0:57 | PSX | King · wall_segment Palisade Wall x1 |
| 1:00 | PSX | King · wall_segment Palisade Wall x1 |
| 1:01 | PSX | King · wall_segment Palisade Wall x1 |
| 1:25 | __04_Zonko570_Arg · wall_segment Palisade Wall x1 |
| 1:28 | __04_Zonko570_Arg · wall_segment Palisade Wall x1 |
| 1:30 | __04_Zonko570_Arg · wall_segment Palisade Wall x1 |
| 2:15 | midgardsammael · wall_segment Palisade Wall x3 |
| 7:22 | PSX | King · wall_segment Palisade Wall x1 |
| 7:26 | PSX | King · wall_segment Palisade Wall x1 |
| 7:29 | PSX | King · wall_segment Palisade Wall x1 |
| 7:35 | PSX | King · wall_segment Palisade Wall x1 |
| 7:38 | PSX | King · wall_segment Palisade Wall x1 |
| 7:41 | PSX | King · wall_segment Palisade Wall x1 |
| 7:41 | PSX | King · wall_segment Palisade Wall x1 |
| 10:13 | Nameho · wall_segment Palisade Wall x1 |
| 10:32 | PSX | King · wall_segment Palisade Wall x1 |
| 10:33 | PSX | King · wall_segment Palisade Wall x1 |
| 10:37 | Nameho · wall_segment Palisade Wall x5 |
| 10:46 | Dani - Voy Fatal de Recursos · wall_segment Palisade Wall x10 |
| 11:14 | Chef · wall_segment Palisade Wall x11 |
| 11:44 | Chef · wall_segment Palisade Wall x3 |
| 12:24 | Chef · age_up feudal |
| 12:25 | Nameho · first_building Barracks |
| 12:55 | 网恋被骗50块 · first_building Barracks |
| 13:11 | PSX | King · first_building Barracks |
| 13:24 | Nameho · age_up feudal |
| 13:25 | Dani - Voy Fatal de Recursos · first_building Barracks |
| 13:30 | 网恋被骗50块 · age_up feudal |
| 13:58 | 网恋被骗50块 · first_building Stable |
| 14:05 | midgardsammael · age_up feudal |
| 14:09 | Dani - Voy Fatal de Recursos · age_up feudal |
| 14:39 | midgardsammael · first_market_sell 100 food |
| 14:40 | PSX | King · age_up feudal |
| 14:40 | midgardsammael · first_market_buy 100 wood |
| 15:20 | PSX | King · first_building Stable |
| 15:51 | PSX | King · wall_segment Palisade Wall x3 |
| 15:54 | Nameho · wall_segment Palisade Wall x5 |
| 16:48 | CTM | Franco* · wall_segment Palisade Wall x1 |
| 16:49 | CTM | Franco* · wall_segment Palisade Wall x1 |
| 16:54 | CTM | Franco* · wall_segment Palisade Wall x1 |
| 16:56 | CTM | Franco* · wall_segment Palisade Wall x1 |
| 17:06 | Dani - Voy Fatal de Recursos · first_building Stable |
| 17:19 | Nameho · wall_segment Palisade Wall x8 |
| 17:33 | Chef · age_up castle |
| 17:44 | Nameho · age_up castle |
| 17:46 | Dani - Voy Fatal de Recursos · age_up castle |
| 18:32 | midgardsammael · age_up castle |
| 18:36 | midgardsammael · first_building Castle |
| 18:46 | CTM | Franco* · wall_segment Palisade Wall x5 |
| 18:47 | CTM | Franco* · age_up feudal |
| 18:56 | PSX | King · wall_segment Stone Wall x15 |
| 19:04 | PSX | King · wall_segment Stone Wall x9 |
| 19:08 | PSX | King · wall_segment Stone Wall x1 |
| 19:12 | Nameho · wall_segment Stone Wall x30 |
| 19:16 | PSX | King · wall_segment Stone Wall x25 |
| 19:16 | midgardsammael · first_building Barracks |
| 19:52 | 网恋被骗50块 · age_up castle |
| 20:05 | Nameho · wall_segment Palisade Wall x1 |
| 20:28 | Nameho · wall_segment Palisade Wall x3 |
| 20:35 | Nameho · wall_segment Palisade Wall x1 |
| 20:36 | Chef · first_building Castle |
| 21:05 | PSX | King · first_market_buy 100 stone |
| 21:10 | PSX | King · wall_segment Stone Wall x19 |
| 21:17 | PSX | King · first_market_sell 100 food |
| 21:21 | PSX | King · age_up castle |
| 22:23 | Nameho · first_building Stable |
| 22:44 | midgardsammael · first_building Monastery |
| 22:44 | PSX | King · wall_segment Stone Wall x11 |
| 22:47 | __04_Zonko570_Arg · age_up feudal |
| 24:05 | PSX | King · wall_segment Stone Wall x1 |
| 24:12 | PSX | King · wall_segment Stone Wall x4 |
| 24:20 | Nameho · wall_segment Stone Wall x2 |
| 24:36 | Chef · first_building Monastery |
| 24:38 | CTM | Franco* · wall_segment Stone Wall x2 |
| 24:40 | CTM | Franco* · wall_segment Palisade Wall x1 |
| 24:42 | CTM | Franco* · wall_segment Palisade Wall x1 |
| 24:51 | CTM | Franco* · wall_segment Stone Wall x1 |
| 24:53 | CTM | Franco* · wall_segment Stone Wall x2 |
| 25:01 | CTM | Franco* · wall_segment Stone Wall x1 |
| 25:07 | CTM | Franco* · wall_segment Stone Wall x1 |
| 25:11 | CTM | Franco* · wall_segment Stone Wall x1 |
| 25:12 | Nameho · wall_segment Palisade Wall x1 |
| 25:14 | Nameho · wall_segment Palisade Wall x1 |
| 25:22 | Chef · first_market_sell 100 wood |
| 25:26 | CTM | Franco* · wall_segment Stone Wall x9 |
| 25:55 | CTM | Franco* · wall_segment Stone Wall x2 |
| 26:27 | __04_Zonko570_Arg · first_building Barracks |
| 26:48 | Dani - Voy Fatal de Recursos · first_building Castle |
| 27:03 | PSX | King · first_building Castle |
| 27:06 | Nameho · wall_segment Stone Wall x7 |
| 27:24 | Chef · first_market_buy 100 food |
| 27:30 | __04_Zonko570_Arg · first_building Stable |
| 28:04 | Nameho · first_building Siege Workshop |
| 28:19 | Nameho · wall_segment Stone Wall x10 |
| 28:50 | PSX | King · first_building Monastery |
| 29:07 | __04_Zonko570_Arg · age_up castle |
| 29:23 | CTM | Franco* · age_up castle |
| 30:06 | Nameho · wall_segment Stone Wall x2 |
| 30:09 | Nameho · wall_segment Stone Wall x1 |
| 31:18 | Nameho · wall_segment Stone Wall x3 |
| 31:24 | 网恋被骗50块 · wall_segment Stone Wall x1 |
| 31:26 | 网恋被骗50块 · wall_segment Stone Wall x1 |
| 31:28 | 网恋被骗50块 · wall_segment Stone Wall x1 |
| 32:29 | CTM | Franco* · first_building Castle |
| 33:33 | CTM | Franco* · wall_segment Stone Wall x1 |
| 33:36 | CTM | Franco* · wall_segment Stone Wall x1 |
| 33:41 | Nameho · age_up imperial |
| 35:23 | Dani - Voy Fatal de Recursos · age_up imperial |
| 36:29 | 网恋被骗50块 · first_building Monastery |
| 36:52 | 网恋被骗50块 · first_building Castle |
| 37:53 | __04_Zonko570_Arg · first_building Castle |
| 38:57 | 网恋被骗50块 · wall_segment Stone Wall x1 |
| 39:18 | Nameho · first_market_buy 100 stone |
| 39:30 | Nameho · first_building Castle |
| 39:56 | PSX | King · first_building Archery Range |
| 39:57 | midgardsammael · age_up imperial |
| 40:42 | 网恋被骗50块 · age_up imperial |
| 41:10 | PSX | King · age_up imperial |
| 41:21 | 网恋被骗50块 · wall_segment Stone Wall x7 |
| 41:23 | 网恋被骗50块 · wall_segment Stone Wall x1 |
| 41:24 | 网恋被骗50块 · wall_segment Stone Wall x1 |
| 41:34 | 网恋被骗50块 · wall_segment Stone Wall x3 |
| 42:44 | __04_Zonko570_Arg · first_building Siege Workshop |
| 43:16 | Dani - Voy Fatal de Recursos · first_market_buy 100 food |
| 43:54 | midgardsammael · first_building Siege Workshop |
| 45:15 | CTM | Franco* · age_up imperial |
| 45:24 | CTM | Franco* · wall_segment Stone Wall x1 |
| 45:26 | CTM | Franco* · wall_segment Stone Wall x1 |
| 45:27 | 网恋被骗50块 · first_building Archery Range |
| 45:27 | CTM | Franco* · wall_segment Stone Wall x1 |
| 45:28 | __04_Zonko570_Arg · first_market_buy 100 food |
| 46:50 | CTM | Franco* · first_building Siege Workshop |
| 47:17 | PSX | King · first_building Siege Workshop |
| 48:19 | __04_Zonko570_Arg · age_up imperial |
| 50:59 | Nameho · first_market_sell 100 wood |
| 51:53 | Nameho · wall_segment Stone Wall x12 |
| 52:01 | Nameho · wall_segment Stone Wall x11 |
| 52:22 | CTM | Franco* · resign |
[ AI ANALYSIS · 1 CREDIT ]
What really happened in this match?
Wolo.gg analyzes every decision: build order, eco, micro, common mistakes by bracket. Personalized analysis on WhatsApp or Discord in 30 seconds.
Civ guide
Persians
Perfil
Dani - Voy Fatal de Recursos